 Dungeon Crawl Stone Soup version 0.25-a0-591-g2ad0d861f1 (webtiles) character file.

Game seed: 4852493009745559112, levelgen mode: deterministic

11746 surprisetrex the Frost Mage (level 11, -1/99 HPs)
             Began as a White Draconian Ice Elementalist on Mar 12, 2020.
             Was a Believer of Vehumet.
             Slain by a troll (7 damage)
             ... on level 11 of the Dungeon on Mar 13, 2020.
             The game lasted 00:48:25 (11393 turns).

surprisetrex the Frost Mage (DrIE)                 Turns: 11393, Time: 00:48:26

Health: -1/99      AC:  8    Str: 10      XL:     11   Next: 53%
Magic:  25/25      EV: 12    Int: 23      God:    Vehumet [**....]
Gold:   635        SH:  0    Dex: 11 (12) Spells: 20/30 levels left

rFire    + . .     SeeInvis .   F - +3 dagger (elec)
rCold    + + .     Gourm    .   (no shield)
rNeg     . . .     Faith    .   (armour unavailable)
rPois    +         Spirit   .   (helmet restricted)
rElec    .         Reflect  .   u - scarf {rC+ rF+}
rCorr    .         Harm     .   r - +0 pair of gloves
MR       .....                  (no boots)
Stlth    ++........             (no amulet)
HPRegen  0.26/turn              K - ring of wizardry
MPRegen  0.19/turn              c - +4 ring of intelligence

@: lethally poisoned (-1 -> -3), lightly drained
A: breathe frost, unfitting armour, blink, cold resistance 1, mutation
resistance 1, poison resistance, cold-blooded, AC +7
a: Breathe Frost, Blink, Renounce Religion


You were on level 11 of the Dungeon.
You worshipped Vehumet.
Vehumet was pleased with you.
You were not hungry.

You visited 2 branches of the dungeon, and saw 12 of its levels.
You also visited: Sewer.

You collected 635 gold pieces.

Inventory:

Hand Weapons
 a - a +0 halberd of flaming
 b - a +0 hunting sling
 F - a +3 dagger of electrocution (weapon)
Missiles
 e - 69 poisoned darts (quivered)
 f - 83 sling bullets
 l - 169 stones
 E - 78 bolts
 M - 5 atropa-tipped darts
Armour
 r - a +0 pair of gloves (worn)
 u - a scarf of resistance (worn)
 v - a +2 cloak
Jewellery
 c - a +4 ring of intelligence (right hand)
 t - an uncursed ring of resist corrosion
 K - a ring of wizardry (left hand)
Wands
 o - a wand of disintegration (15)
 s - a wand of polymorph (10)
 z - a wand of acid (5)
 J - a wand of flame (13)
 L - a wand of iceblast (12)
Scrolls
 d - a scroll of immolation
 h - 4 scrolls of fog
 i - 3 scrolls of identify
 j - 2 scrolls of magic mapping
 k - 7 scrolls of remove curse
 n - 3 scrolls of teleportation
 p - 3 scrolls of enchant weapon
 y - 2 scrolls of fear
 D - a scroll of enchant armour
 I - a scroll of amnesia
Potions
 g - 6 potions of curing
 m - a potion of stabbing {unknown}
 q - 2 potions of might
 B - 3 potions of flight
 C - 3 potions of heal wounds
 G - 2 potions of brilliance
Comestibles
 w - 20 rations


   Skills:
 + Level 10.1(10.0) Fighting
 - Level 1.7 Dodging
 - Level 1.7 Stealth
 - Level 10.3(10.2) Spellcasting
 + Level 13.8(13.7) Ice Magic
 + Level 2.3 Evocations


You had 20 spell levels left.
You knew the following spells:

 Your Spells              Type           Power        Failure   Level  Hunger
a - Freeze                Ice            ####         0%          1    None
b - Frozen Ramparts       Ice            ######       1%          3    None
c - Summon Ice Beast      Ice/Summ       #####...     1%          4    #......
d - Slow                  Hex            ##......     3%          2    None

Your spell library contained the following spells:

 Spells                   Type           Power        Failure   Level  Hunger
 Ignite Poison            Fire/Tmut/Pois ##......     7%          3    None
 Ensorcelled Hibernation  Hex/Ice        #####.       1%          2    None
 Ozocubu's Armour         Chrm/Ice       #####...     1%          3    None
 Hailstorm                Conj/Ice       #####...     1%          4    #......
 Shroud of Golubria       Chrm/Tloc      ##....       3%          2    None
 Metabolic Englaciation   Hex/Ice        #####.....   3%          5    ####...
 Confusing Touch          Hex            ##......     7%          3    None
 Gell's Gravitas          Tloc           ##........   7%          3    None
 Summon Guardian Golem    Hex/Summ       ##......     7%          3    None
 Teleport Other           Tloc           ##......     7%          3    None
 Petrify                  Tmut/Erth      ##......     22%         4    #......
 Yara's Violent Unravell  Hex/Tmut       ##........   50%         5    ####...


Dungeon Overview and Level Annotations

Branches:
Dungeon (11/15)            Temple (1/1) D:7           Sewer (visited)
   Lair: D:8-11         Orc: D:9-12

Altars:
Ashenzari
Cheibriados
Dithmenos
Elyvilon
Fedhas
Gozag
Hepliaklqana
Kikubaaqudgha
Makhleb
Nemelex Xobeh
Okawaru
Qazlal
Ru
Sif Muna
Trog
Uskayaw
Vehumet
Wu Jian
Xom
Yredelemnul
Zin
The Shining One


Innate Abilities, Weirdness & Mutations

You can breathe waves of freezing cold.
You can buffet flying creatures when you breathe cold.
Your icy white scales are hard. (AC +7)
You cannot fit into any form of body armour.
Your flesh is cold resistant. (rC+)
You are cold-blooded and may be slowed by cold attacks.
You can translocate small distances at will.
You are somewhat resistant to further mutation.
Your system is resistant to poisons. (rPois)


Message History

The hippogriff closely misses you. The hippogriff barely misses you.
You miss the water moccasin.
The water moccasin is severely wounded.
The water moccasin bites you.
* * * LOW HITPOINT WARNING * * *
The hippogriff barely misses you.
The hippogriff pecks you but does no damage.
The hippogriff closely misses you. The water moccasin closely misses you.
You barely miss the water moccasin.
The water moccasin is severely wounded.
You feel sick. The hippogriff barely misses you. The hippogriff pecks you.
* * * LOW HITPOINT WARNING * * *
The hippogriff completely misses you. The water moccasin closely misses you.
You closely miss the hippogriff. The water moccasin barely misses you.
The hippogriff bites you!
* * * LOW HITPOINT WARNING * * *
The hippogriff barely misses you.
The hippogriff claws you but does no damage.
The troll bites you!
You die...

...#.......###....#.#...#
...#.....####...........#
#.#......####..........###
##........#.......(........
..........................
..........(.........
...............%...
#.†T............
#.S@H..........
.#.......##...
...........#.####.
..#.................
........|.[<......#
....................
##..##..#....#......
####.####...#...... #..
..... .....


You could see a hippogriff, a troll and a water moccasin.

Vanquished Creatures
  Josephine (D:10)
  3 two-headed ogres
  Nergalle (D:10)
  An ugly thing (D:10)
  A troll (D:11)
  Sigmund (D:3)
  A spriggan (D:9)
  4 wraiths (D:10)
  A vampire (D:8)
  2 wyverns
  A yak (shapeshifter) (D:9)
  A water moccasin (D:9)
  Duvessa (D:6)
  4 orc warriors
  3 ice beasts
  3 sky beasts
  3 phantoms
  4 centaurs
  4 ogres
  A crocodile (D:8)
  A big kobold (Sewer)
  A gnoll sergeant (D:8)
  4 bullfrogs
  2 wyvern skeletons (D:9)
  Dowan (D:6)
  5 scorpions
  3 killer bees (D:8)
  4 wights (D:6)
  7 howler monkeys
  8 crimson imps
  3 centaur zombies
  2 quasits
  A bullfrog zombie (D:9)
  5 orc priests
  6 hounds
  6 jellies
  A centaur skeleton (D:9)
  A bullfrog skeleton (D:7)
  4 iguanas
  8 orc wizards
  8 worker ants
  A killer bee zombie (D:7)
  2 howler monkey skeletons
  3 gnolls (D:3)
  3 river rats (Sewer)
  12 adders
  A shadow imp (D:8)
  10 oozes
  An adder zombie (D:10)
  A worm (D:4)
  2 dart slugs
  6 leopard geckos
  45 orcs
  18 giant cockroaches
  6 goblins
  9 hobgoblins
  16 jackals
  4 quokkas
  5 ball pythons
  4 bats
  4 frilled lizards
  A jackal zombie (D:5)
  16 kobolds
  A quokka zombie (D:7)
  9 rats
302 creatures vanquished.

Vanquished Creatures (collateral kills)
  A gargoyle (D:9)
  Maggie (D:6)
  A kobold demonologist (D:6)
  A troll (D:11)
  A hungry ghost (D:8)
  An orc warrior (D:7)
  A phantom (D:6)
  An ice beast (D:8)
  2 bullfrogs
  A wight (D:6)
  A howler monkey (D:8)
  A centaur zombie (D:11)
  Crazy Yiuf (D:5)
  2 orcs
16 creatures vanquished.

Vanquished Creatures (others)
  10 toadstools (D:3)
10 creatures vanquished.

Grand Total: 328 creatures vanquished

Notes
Turn   | Place    | Note
-------+----------+-------------------------------------------
     0 | D:1      | surprisetrex the Draconian Ice Elementalist began the quest
                  | for the Orb.
     0 | D:1      | Reached XP level 1. HP: 14/14 MP: 3/3
   317 | D:1      | Reached XP level 2. HP: 15/20 MP: 0/5
  1289 | D:2      | Reached skill level 5 in Ice Magic
  1289 | D:2      | Reached XP level 3. HP: 24/26 MP: 3/6
  1309 | D:2      | Learned a level 3 spell: Frozen Ramparts
  1637 | D:2      | Reached XP level 4. HP: 30/33 MP: 7/7
  2104 | D:3      | Reached skill level 6 in Ice Magic
  2120 | D:3      | Noticed Sigmund
  2389 | D:3      | Reached XP level 5. HP: 38/38 MP: 4/8
  2654 | D:3      | Killed Sigmund
  2654 | D:3      | Reached skill level 7 in Ice Magic
  2654 | D:3      | Reached XP level 6. HP: 34/45 MP: 5/9
  3183 | D:3      | Reached skill level 8 in Ice Magic
  3338 | D:4      | Noticed an orc warrior
  3424 | D:3      | Killed an orc warrior
  3424 | D:3      | Your scales start taking on an icy white colour.
  3424 | D:3      | Reached skill level 10 in Ice Magic
  3424 | D:3      | Reached XP level 7. HP: 38/50 MP: 1/10
  3424 | D:3      | Gained mutation: Your flesh is cold resistant. (rC+) [White
                  | Draconian growth]
  3672 | D:4      | Reached skill level 11 in Ice Magic
  3912 | D:4      | Found a glowing drain.
  3921 | Sewer    | Entered a sewer
  4052 | Sewer    | Found a white marble altar of Elyvilon.
  4120 | D:4      | Reached XP level 8. HP: 57/57 MP: 7/11
  4169 | D:4      | Reached skill level 12 in Ice Magic
  4482 | D:4      | Gained mutation: You are somewhat resistant to further
                  | mutation. [potion of mutation]
  4482 | D:4      | Gained mutation: Your system is resistant to poisons.
                  | (rPois) [potion of mutation]
  4482 | D:4      | Gained mutation: You can translocate small distances at
                  | will. [potion of mutation]
  4486 | D:5      | Entered Level 5 of the Dungeon
  4614 | D:4      | Learned a level 4 spell: Summon Ice Beast
  4749 | D:5      | Reached skill level 1 in Fighting
  5005 | D:5      | Found a runed translucent door.
  5006 | D:5      | Noticed Crazy Yiuf
  5069 | D:5      | Killed Crazy Yiuf
  5207 | D:6      | Reached XP level 9. HP: 31/70 MP: 3/16
  5458 | D:6      | Reached skill level 5 in Spellcasting
  5673 | D:6      | Found a glowing golden altar of the Shining One.
  5703 | D:6      | Noticed a kobold demonologist
  5714 | D:6      | Killed a kobold demonologist
  5752 | D:6      | Reached skill level 5 in Fighting
  5793 | D:6      | Found a hazy altar of Hepliaklqana.
  5793 | D:6      | Noticed Maggie
  5803 | D:6      | Killed Maggie
  5976 | D:6      | Noticed Duvessa
  5978 | D:6      | Noticed Dowan
  6006 | D:6      | Killed Dowan
  6019 | D:6      | Killed Duvessa
  6586 | D:7      | Found a bloodstained altar of Trog.
  6749 | D:7      | Found a staircase to the Ecumenical Temple.
  6755 | Temple   | Entered the Ecumenical Temple
  7010 | D:7      | Found a sacrificial altar of Ru.
  7012 | D:7      | Found a radiant altar of Vehumet.
  7014 | D:7      | Found a snail-covered altar of Cheibriados.
  7016 | D:7      | Became a worshipper of Vehumet
  7045 | D:7      | Found a blossoming altar of Fedhas.
  7045 | D:7      | Found an ancient bone altar of Kikubaaqudgha.
  7052 | D:7      | Found an iron altar of Okawaru.
  7135 | D:7      | Reached XP level 10. HP: 46/83 MP: 17/21
  7436 | D:7      | Found a shadowy altar of Dithmenos.
  7632 | D:8      | Reached * piety under Vehumet
  7632 | D:8      | Offered knowledge of Foxfire by Vehumet.
  7796 | D:8      | Noticed a two-headed ogre
  7835 | D:8      | Killed a two-headed ogre
  8052 | D:8      | Found a stormy altar of Qazlal.
  8216 | D:8      | Upgraded the game from 0.25-a0-589-g1e14c549ee to
                  | 0.25-a0-591-g2ad0d861f1
  8230 | D:8      | Found a shimmering blue altar of Sif Muna.
  8737 | D:9      | Noticed a gargoyle
  8754 | D:9      | Killed a gargoyle
  8766 | D:9      | Offered knowledge of Magic Dart by Vehumet.
  8819 | D:9      | Reached ** piety under Vehumet
  8819 | D:9      | Reached skill level 10 in Spellcasting
  8865 | D:9      | Noticed a two-headed ogre
  8878 | D:9      | Killed a two-headed ogre
  8961 | D:9      | Reached XP level 11. HP: 95/95 MP: 25/25
  8962 | D:9      | Found a bloodstained altar of Trog.
  9020 | D:9      | Noticed a two-headed ogre
  9043 | D:9      | Killed a two-headed ogre
  9043 | D:9      | Reached skill level 13 in Ice Magic
  9265 | D:10     | Entered Level 10 of the Dungeon
  9452 | D:10     | Noticed Josephine
  9479 | D:10     | Killed Josephine
  9742 | D:10     | Offered knowledge of Ignite Poison by Vehumet.
  9760 | D:10     | Identified the Catalogue of Displaced Hexes
  9997 | D:10     | Learned a level 2 spell: Slow
  9998 | D:10     | Noticed Nergalle
 10036 | D:10     | Killed Nergalle
 10036 | D:10     | Reached skill level 1 in Evocations
 10597 | D:11     | Noticed a purple ugly thing
 11009 | D:11     | Reached skill level 10 in Fighting
 11034 | D:11     | Noticed a two-headed ogre
 11348 | D:10     | Killed a purple ugly thing
 11393 | D:11     | Slain by a troll

Levels and vault maps discovered:
D:1:      scummos_arrival_checkerplants, layout_basic, serial_co_window_serial,
          co_window_paths_a, co_window_paths_a, co_window_paths_a,
          co_window_paths_b, co_window_corner_a, co_window_paths_b,
          co_window_2corner, co_window_of_opportunity_c,
          co_window_of_opportunity_b, co_window_broadway_b,
          co_window_broadway_a, glass_columns_a, glass_columns_a
D:2:      minmay_roachtagon, layout_rooms, kennysheep_decorative_pillar,
          kennysheep_pointless_box, minmay_tall_x
D:3:      cheibrodos_fertilizer, layout_basic, kennysheep_another_room,
          glass_columns_b, uniq_sigmund
D:4:      wander_river, layout_rooms, portal_sewer_entry_f
D:5:      layout_cave_pools, first_ration, uniq_crazy_yiuf_cottage
D:6:      layout_rooms, nicolae_overflow_crystal_walls, tso_metal_star,
          uniq_duvessa, uniq_maggie
D:7:      layout_basic, kennysheep_mini, minitemple,
          minmay_temple_entry_enclosed_plants, basic_altar
D:8:      hangedman_cross_stitches, layout_loops_ring,
          nicolae_qazlal_style_of_elements, led_sif_pool
D:9:      layout_gridville, lightli_temple_of_fire, the_bakery, minmay_bent
D:10:     layout_loops_corners, hangedman_decor_lopped, uniq_josephine,
          uniq_nergalle
D:11:     layout_cave_pools, david_lair_generic, portal_ice_cave_demonic_guard,
          serial_shops, shop
Temple:   minmay_temple_bridge_abc

Skill      XL: |  1  2  3  4  5  6  7  8  9 10 11 |
---------------+----------------------------------+-----
Ice Magic      | 5 6 7 10 11 12 13 | 13.8
Fighting       | 3 6 8 10 | 10.1
Spellcasting   | 4 7 10 | 10.3
Evocations     | 2 |  2.3
Dodging        | |  1.7
Stealth        | |  1.7

Action                   |  1- 3 |  4- 6 |  7- 9 | 10-12 || total
-------------------------+-------+-------+-------+-------++-------
Melee: Dagger            |    21 |       |   266 |   228 ||   515
       Tailslap          |     6 |     8 |    31 |    20 ||    65
       Whip              |    44 |    69 |    23 |       ||   136
       Halberd           |       |       |       |    37 ||    37
 Fire: Hunting sling     |       |    10 |     1 |       ||    11
Throw: Dart              |       |    13 |     9 |     6 ||    28
 Cast: Freeze            |    29 |     4 |    24 |    16 ||    73
       Frozen Ramparts   |       |    18 |    30 |    40 ||    88
       Summon Ice Beast  |       |       |     9 |    25 ||    34
       Slow              |       |       |       |     1 ||     1
  Use: Scroll            |       |       |    14 |       ||    14
       Potion            |       |       |     3 |     4 ||     7
 Stab: Sleeping          |     1 |     3 |       |     1 ||     5
  Eat: Chunk             |     3 |     7 |    13 |    12 ||    35
       Ration            |       |       |     1 |     1 ||     2
Armor: Skin              |    26 |    40 |   110 |   128 ||   304
Dodge: Dodged            |    64 |    57 |   163 |   205 ||   489

Table legend:
 A = Non-vault XP
 B = Vault XP
 C = Vault XP percentage of total XP
 D = Non-vault monster count
 E = Vault monster count
 F = Vault count percentage of total count
                 A         B        C        D         E       F
            +---------+---------+-------+---------+---------+-------
      Total |   10634 |    6146 |  36.6 |     246 |      72 |  22.6
            +---------+---------+-------+---------+---------+-------
        D:1 |      32 |       0 |   0.0 |      19 |       0 |   0.0
        D:2 |      46 |      25 |  35.2 |      11 |      14 |  56.0
        D:3 |     267 |     417 |  61.0 |      27 |      17 |  38.6
        D:4 |     877 |       7 |   0.8 |      33 |       3 |   8.3
        D:5 |     552 |      40 |   6.8 |      15 |       1 |   6.2
        D:6 |    2042 |     505 |  19.8 |      36 |       3 |   7.7
        D:7 |     916 |       0 |   0.0 |      28 |       0 |   0.0
        D:8 |    1019 |    1415 |  58.1 |      33 |       9 |  21.4
        D:9 |    3177 |     910 |  22.3 |      19 |       8 |  29.6
       D:10 |     947 |    2675 |  73.9 |      15 |       6 |  28.6
       D:11 |     759 |       0 |   0.0 |      10 |       0 |   0.0
      Sewer |       0 |     152 | 100.0 |       0 |      11 | 100.0
            +---------+---------+-------+---------+---------+-------
